 Dungeon Crawl Stone Soup version 0.23.1 (webtiles) character file.

Game seed: 0

7776 Borgoz the Sneak (level 11, 0/85 (86) HPs)
             Began as a Ghoul Enchanter on Mar 14, 2019.
             Was a Follower of Ashenzari.
             Slain by a two-headed ogre
             ... wielding a +0 giant spiked club
              (27 damage)
             ... on level 10 of the Dungeon.
             The game lasted 00:37:20 (14181 turns).

Borgoz the Sneak (Ghoul Enchanter)                 Turns: 14181, Time: 00:37:20

HP:   0/85 (86)     AC: 11    Str: 13    XL:     11   Next: 20%
MP:   16/16         EV: 14    Int: 10    God:    Ashenzari [*.....]
Gold: 488           SH:  0    Dex: 12    Spells: 10/19 levels left

rFire    . . .     SeeInvis .   b - +1 dagger (venom)
rCold    + . .     Gourm    .   (no shield)
rNeg     + + +     Faith    .   f - +0 ring mail
rPois    ∞         Spirit   .   s - +1 helmet
rElec    .         Reflect  .   (no cloak)
rCorr    .         Harm     .   L - +0 pair of gloves
MR       .....                  p - +0 pair of boots (curse)
Stlth    ++++......             (no amulet)
HPRegen  0.00/turn              D - ring of stealth
MPRegen  0.15/turn              k - ring of wizardry

@: rotting
A: rotting body, claws 1, carnivore, cold resistance 1, negative energy
resistance 3, inhibited regeneration, torment resistance, unbreathing
a: Curse Item, Scrying, Renounce Religion


You were on level 10 of the Dungeon.
You worshipped Ashenzari.
Ashenzari was aware of your devotion.
You were not hungry.

You visited 2 branches of the dungeon, and saw 12 of its levels.

You collected 488 gold pieces.

Inventory:

Hand Weapons
 a - a +1 short sword of draining
 b - a +1 dagger of venom (weapon)
 c - a +4 scythe of freezing
 h - a +5 great sword
 H - a +0 dagger of flaming
 J - a +0 blowgun
 K - a +3 short sword
Missiles
 g - 6 javelins
 o - 6 throwing nets (quivered)
 q - 9 tomahawks
 x - 4 tomahawks of returning
 E - 26 poisoned needles
Armour
 f - a +0 ring mail (worn)
 p - a cursed +0 pair of boots (worn)
 s - a +1 helmet (worn)
 B - the +2 robe of a bazaar {MP+9}
   (You took it off a crimson imp on level 8 of the Dungeon)

   It affects your magic capacity (+9).
 L - a +0 pair of gloves (worn)
Jewellery
 j - an uncursed ring of protection from fire
 k - a ring of wizardry (right hand)
 D - a ring of stealth (left hand)
Wands
 y - a wand of paralysis (12)
 z - a wand of iceblast (25)
 A - a wand of acid (12)
Scrolls
 e - 3 scrolls of identify
 i - 5 scrolls of remove curse
 l - 8 scrolls of teleportation
 m - 4 scrolls of enchant weapon
 r - a scroll of enchant armour
 t - a scroll of fog
 u - a scroll of fear
 v - 4 scrolls of amnesia
 C - a scroll of magic mapping
 F - a scroll of vulnerability
Potions
 n - 2 potions of cancellation
 w - 2 potions of brilliance
 G - 2 potions of haste
 I - a potion of heal wounds
Comestibles
 d - 24 rations
 M - 2 chunks of flesh


   Skills:
 - Level 5.1 Fighting
 * Level 7.0 Short Blades
 + Level 1.5 Throwing
 * Level 7.1 Armour
 * Level 7.0 Dodging
 + Level 7.4 Stealth
 + Level 4.5 Spellcasting
 + Level 5.0 Hexes
 + Level 0.3 Translocations


You had 10 spell levels left.
You knew the following spells:

 Your Spells              Type           Power        Failure   Level  Hunger
a - Corona                Hex            ##.....      2%          1    #......
b - Ensorcelled Hibernat  Hex/Ice        #.....       10%         2    ##.....
c - Confuse               Hex            ##......     7%          3    ###....
d - Confusing Touch       Hex            ##....       2%          1    #......
e - Blink                 Tloc           N/A          24%         2    ##.....

Your spell library contained the following spells:

 Spells                   Type           Power        Failure   Level  Hunger
 Slow                     Hex            ##......     3%          2    ##.....
 Tukima's Dance           Hex            ##......     7%          3    ###....
 Magic Dart               Conj           #...         19%         1    #......
 Summon Small Mammal      Summ           #...         19%         1    #......
 Dazzling Spray           Conj/Hex       #.....       19%         3    ###....
 Summon Guardian Golem    Hex/Summ       #.......     19%         3    ###....
 Call Imp                 Summ           #.......     26%         2    ##.....
 Gell's Gravitas          Tloc           #.........   43%         3    ###....
 Call Canine Familiar     Summ           #.......     45%         3    ###....
 Conjure Flame            Conj/Fire      #.......     45%         3    ###....
 Mephitic Cloud           Conj/Pois/Air  #.......     45%         3    ###....
 Metabolic Englaciation   Hex/Ice        #.........   85%         5    ######.
 Yara's Violent Unravell  Hex/Tmut       #.........   85%         5    ######.
 Petrify                  Tmut/Erth      #.......     86%         4    #####..
 Summon Ice Beast         Ice/Summ       #.......     86%         4    #####..
 Summon Lightning Spire   Summ/Air       #.......     86%         4    #####..


Dungeon Overview and Level Annotations

Branches:
Dungeon (11/15)            Temple (1/1) D:5             Orc (0/2) D:9
   Lair: D:8-11

Altars:
Ashenzari
Cheibriados
Dithmenos
Fedhas
Gozag
Kikubaaqudgha
Makhleb
Nemelex Xobeh
Okawaru
Trog
Uskayaw
Zin
Beogh

Shops:
D:4 (([   D:5 ?:=

Portals:
Trove: D:10 (give 9 potions of agility)

Annotations:
D:4 1 runed translucent door, Hylith's ghost, novice DrFE


Innate Abilities, Weirdness & Mutations

Your body is rotting away.
You thrive on raw meat.
You are immune to poison.
You have sharp fingernails.
You are carnivorous and can eat meat at any time.
Your flesh is cold resistant. (rC+)
You are immune to negative energy. (rN+++)
You do not regenerate when monsters are visible.
You are immune to unholy pain and torment.
You can survive without breathing.


Message History

The two-headed ogre looks more healthy.
You hit the two-headed ogre but do no damage.
The two-headed ogre is poisoned.
The two-headed ogre is severely wounded.
The two-headed ogre hits you with a +0 giant spiked club!
* * * LOW HITPOINT WARNING * * *
The two-headed ogre barely misses you. The two-headed ogre closely misses you.
The two-headed ogre barely misses you.
There is an open door here.
You close the door.
A two-headed ogre opens the door.
You close the door.
A two-headed ogre opens the door.
You close the door.
A two-headed ogre opens the door.
You close the door.
A two-headed ogre opens the door.
You close the door.
A two-headed ogre opens the door.
You close the door.
A two-headed ogre opens the door.
The two-headed ogre looks more healthy.
You hit the two-headed ogre.
The two-headed ogre is poisoned.
The two-headed ogre is severely wounded.
The two-headed ogre hits you with a +0 giant spiked club!!
You die...

##...##(.......≈≈..######..#
#...
#...##(.......≈≈..........###...
#...##..................#..####.
######..................##.## #.
#..................##..###.
##...###.#.................
#...# #.#.#.......###..###
####...###.#O######### ##.##.
#..'........@.......# #.#..
#.##...###..........# #...#
#.##...####.(.......# #...#
#.##........(.......# #..8#
#.##...###..........# #...(
#.##.....#.)........# #...)
#.##.....#.#.)..##### #...)
#.##....##.#)...# #..8#
#.####.....#)...# #...#


You could see a two-headed ogre.

Vanquished Creatures
  A kobold demonologist (D:10)
  2 hippogriffs
  Sigmund (D:3)
  3 hungry ghosts (D:11)
  Duvessa (D:4)
  A water moccasin (D:9)
  8 orc warriors
  5 ice beasts
  2 sky beasts
  3 phantoms
  3 centaurs
  8 ogres
  Blork the orc (D:4)
  11 big kobolds
  3 bullfrogs
  A wyvern zombie (D:8)
  Dowan (D:4)
  8 killer bees
  6 howler monkeys
  10 wights
  8 crimson imps
  2 lava snakes (D:7)
  A centaur zombie (D:7)
  3 hounds
  2 quasits
  A bullfrog zombie (D:10)
  2 jellies
  5 orc wizards
  3 orc priests
  3 iguanas
  10 worker ants
  2 hound zombies
  2 hound skeletons
  2 howler monkey zombies
  Robin (D:4)
  15 adders
  8 gnolls
  3 shadow imps
  2 oozes
  3 adder zombies
  A worm (D:2)
  6 dart slugs
  4 leopard geckos
  41 orcs
  3 ball pythons
  13 bats
  5 giant cockroaches
  11 hobgoblins
  21 jackals
  3 quokkas
  7 frilled lizards
  13 goblins
  A jackal zombie (D:5)
  40 kobolds
  15 kobold skeletons (D:10)
  3 kobold zombies (D:10)
  A leopard gecko skeleton (D:6)
  2 quokka skeletons
  8 rats (D:1)
355 creatures vanquished.

Notes
Turn   | Place    | Note
-------+----------+-------------------------------------------
     0 | D:1      | Borgoz the Ghoul Enchanter began the quest for the Orb.
     0 | D:1      | Reached XP level 1. HP: 14/14 MP: 2/2
    82 | D:1      | Reached skill level 1 in Short Blades
   125 | D:1      | Reached XP level 2. HP: 7/20 MP: 3/3
   325 | D:1      | Reached skill level 1 in Armour
   491 | D:1      | Reached XP level 3. HP: 24/25 MP: 4/4
  1058 | D:2      | Reached XP level 4. HP: 21/33 MP: 5/5
  1123 | D:2      | Found an ancient bone altar of Kikubaaqudgha.
  1673 | D:3      | Found a hide-covered altar of Uskayaw.
  1862 | D:3      | Reached XP level 5. HP: 28/38 MP: 6/6
  2114 | D:3      | Learned a level 2 spell: Ensorcelled Hibernation
  2118 | D:3      | Learned a level 3 spell: Confuse
  2269 | D:3      | Noticed Sigmund
  2285 | D:3      | Killed Sigmund
  2285 | D:3      | Reached XP level 6. HP: 39/46 MP: 1/8
  2653 | D:3      | Found a sparkling altar of Nemelex Xobeh.
  2903 | D:4      | Reached skill level 1 in Fighting
  2906 | D:4      | Found Mossialu's Antique Weapon Shoppe.
  2908 | D:4      | Found Jimuohum's Weapon Boutique.
  2919 | D:4      | Reached XP level 7. HP: 40/51 MP: 9/9
  2945 | D:4      | Found Kotixaof's Antique Armour Emporium.
  2945 | D:4      | Noticed Dowan
  2947 | D:4      | Noticed Duvessa
  2967 | D:4      | Killed Duvessa
  2978 | D:4      | Killed Dowan
  3434 | D:4      | Found a runed translucent door.
  3434 | D:4      | Noticed Hylith's ghost (novice DrFE)
  3434 | D:4      | Noticed a komodo dragon
  3543 | D:4      | Noticed Robin
  3599 | D:4      | Killed Robin
  3668 | D:4      | Noticed Blork the orc
  3679 | D:4      | Killed Blork the orc
  3679 | D:4      | Reached XP level 8. HP: 57/61 MP: 1/10
  3802 | D:5      | Entered Level 5 of the Dungeon
  3834 | D:5      | Found a burning altar of Makhleb.
  3845 | D:5      | Found a staircase to the Ecumenical Temple.
  3882 | Temple   | Entered the Ecumenical Temple
  3895 | Temple   | Became a worshipper of Ashenzari the Shackled
  4168 | D:5      | Found Utennoaps's Jewellery Emporium.
  4195 | D:5      | Found Huvul's Book Shoppe.
  4220 | D:5      | Reached skill level 5 in Stealth
  4346 | D:5      | Found Jeqasah's Magic Scroll Shop.
  4407 | D:5      | Found a blossoming altar of Fedhas.
  6213 | D:7      | Reached XP level 9. HP: 15/69 MP: 3/12
  6699 | D:7      | Found a bloodstained altar of Trog.
  6718 | D:7      | Reached skill level 5 in Armour
  6718 | D:7      | Reached skill level 5 in Dodging
  6907 | D:7      | Reached * piety under Ashenzari
  6983 | D:7      | Reached skill level 5 in Short Blades
  7637 | D:8      | Identified the +2 robe of a bazaar {MP+9}
  8140 | D:8      | Reached XP level 10. HP: 63/78 MP: 5/14
  9701 | D:10     | Entered Level 10 of the Dungeon
 10237 | D:9      | Found a roughly hewn altar of Beogh.
 10267 | D:9      | Found a staircase to the Orcish Mines.
 10279 | D:9      | Found an opulent altar of Gozag.
 11187 | D:11     | Noticed a two-headed ogre
 12382 | D:10     | Found a portal to a secret trove of treasure.
 12681 | D:10     | Reached skill level 5 in Fighting
 12699 | D:10     | Reached skill level 1 in Throwing
 12770 | D:10     | Reached XP level 11. HP: 65/86 MP: 16/16
 12828 | D:10     | Reached skill level 5 in Hexes
 13085 | D:10     | Found an ancient bone altar of Kikubaaqudgha.
 13095 | D:10     | Learned a level 1 spell: Confusing Touch
 13098 | D:10     | Learned a level 2 spell: Blink
 14116 | D:11     | Noticed a two-headed ogre
 14181 | D:10     | Slain by a two-headed ogre

Skill      XL: |  1  2  3  4  5  6  7  8  9 10 11 |
---------------+----------------------------------+-----
Short Blades   | 1 2 3 4 5 6 7 |  7.0
Armour         | 1 2 3 4 5 6 7 |  7.1
Dodging        | 2 3 4 5 6 7 |  7.0
Stealth        | 4 5 6 7 |  7.4
Spellcasting   | 2 3 4 |  4.5
Hexes          | 3 4 5 |  5.0
Fighting       | 1 2 3 4 5 |  5.1
Throwing       | 1 |  1.5
Translocations | |  0.3

Action                   |  1- 3 |  4- 6 |  7- 9 | 10-12 || total
-------------------------+-------+-------+-------+-------++-------
Melee: Dagger            |    34 |       |   342 |  1003 ||  1379
       Short sword       |   100 |   240 |   397 |    72 ||   809
 Cast: Ensorcelled Hiber |       |     1 |    22 |    32 ||    55
       Confuse           |       |       |    12 |    26 ||    38
Invok: Scrying           |       |       |       |     1 ||     1
Evoke: Wand              |       |       |       |     2 ||     2
  Use: Scroll            |     5 |     3 |     5 |     6 ||    19
       Potion            |     1 |     2 |     4 |     4 ||    11
 Stab: Sleeping          |    10 |     2 |    15 |    20 ||    47
       Confused          |       |       |     3 |     6 ||     9
       Distracted        |       |       |       |     1 ||     1
       Invisible         |       |       |       |     1 ||     1
  Eat: Chunk             |    12 |    22 |    66 |    35 ||   135
       Ration            |       |       |       |     1 ||     1
Armor: Robe              |    36 |    31 |       |       ||    67
       Leather armour    |       |    21 |       |       ||    21
       Ring mail         |       |    56 |   286 |   322 ||   664
Dodge: Dodged            |    79 |   171 |   464 |   614 ||  1328
